 Dungeon Crawl Stone Soup version 0.28-a0-1382-g92835e5c71 (webtiles) character file.

Game seed: 3038740031544779411

991 nomicflux the Conjurer (level 7, -6/61 HPs)
             Began as a Black Draconian Conjurer on Jan 1, 2022.
             Mangled by a troll (8 damage)
             ... on level 5 of the Dungeon.
             The game lasted 00:14:06 (6626 turns).

nomicflux the Conjurer (Black Draconian Conjurer)   Turns: 6626, Time: 00:14:07

Health: -6/61      AC:  6    Str:  9    XL:     7   Next: 98%
Magic:  6/14       EV: 12    Int: 20    God:
Gold:   169        SH:  0    Dex: 10    Spells: 5/15 levels left

rFire   + . .      SeeInvis .   s - staff of fire
rCold   . . .      Faith    .   (no shield)
rNeg    . . .      Spirit   .   (armour unavailable)
rPois   .          Reflect  .   (helmet restricted)
rElec   +          Harm     .   (no cloak)
rCorr   .          Rampage  .   (no gloves)
Will    .....                   (no boots)
Stlth   ++........              (no amulet)
HPRegen 0.20/turn               (no ring)
MPRegen 0.14/turn               (no ring)

@: no status effects
A: breathe lightning, AC +6, unfitting armour, electricity resistance,
cold-blooded
a: Breathe Lightning


You were on level 5 of the Dungeon.
You visited 1 branch of the dungeon, and saw 5 of its levels.

You collected 169 gold pieces.

Inventory:

Hand Weapons
 d - a +0 dagger
 j - a +1 short sword
Missiles
 r - 6 boomerangs
Magical Staves
 s - a staff of fire (weapon)
Jewellery
 b - a ring of see invisible
Scrolls
 o - a scroll of enchant weapon
Potions
 a - a potion of ambrosia {unknown}
 c - 3 potions of curing
 e - a potion of magic {unknown}
 f - 3 potions of heal wounds
 g - a potion of flight {unknown}
 i - 2 potions of might
 k - 2 potions of brilliance
 n - a potion of mutation {unknown}
 p - 3 potions of haste {unknown}
 q - 2 potions of lignification {unknown}
 t - 2 potions of attraction {unknown}


   Skills:
 + Level 5.0 Fighting
 - Level 1.7 Dodging
 - Level 1.7 Stealth
 + Level 4.8 Spellcasting
 + Level 6.3 Conjurations
 + Level 3.4 Summonings


You had 5 spell levels left.
You knew the following spells:

 Your Spells              Type           Power      Damage    Failure   Level
a - Magic Dart            Conj           100%       1d8       1%          1
b - Searing Ray           Conj           60%        2d6       1%          2
c - Call Canine Familiar  Summ           18%        N/A       9%          3
d - Fulminant Prism       Conj/Hex       8%         3d7       32%         4

Your spell library contained the following spells:

 Spells                   Type           Power      Damage    Failure   Level
 Summon Small Mammal      Summ           72%        N/A       3%          1
 Dazzling Flash           Conj/Hex       34%        N/A       10%         3
 Ensorcelled Hibernation  Hex/Ice        8%         N/A       19%         2
 Scorch                   Fire           14%        2d6       19%         2
 Summon Guardian Golem    Hex/Summ       11%        N/A       19%         3
 Iskenderun's Mystic Bla  Conj/Tloc      17%        2d5       32%         4
 Tukima's Dance           Hex            4%         N/A       34%         3
 Vampiric Draining        Necr           4%         2d6       34%         3
 Animate Dead             Necr           2%         N/A       75%         4
 Agony                    Necr           4%         N/A       97%         5
 Enfeeble                 Hex            2%         N/A       100%        7
 Orb of Destruction       Conj           15%        9d7       100%        7
 Spellforged Servitor     Conj/Summ      12%        N/A       100%        7


Dungeon Overview and Level Annotations

Branches:
Dungeon (5/15)
 Temple: D:4-7

Altars:
Qazlal

Annotations:
D:3 1 runed translucent door, mordus's ghost, amateur GnFi


Innate Abilities, Weirdness & Mutations

You can breathe wild blasts of lightning.
Your glossy black scales are hard. (AC +6)
You cannot fit into any form of body armour.
You are resistant to electric shocks. (rElec)
You are cold-blooded and may be slowed by cold attacks.


Message History

The troll shouts!
Casting: Searing Ray (safe; 1% risk of failure)
Confirm with . or Enter, or press ? or * to list all spells.
You can't see any susceptible monsters within range! (Use Z to cast anyway.) Unknown command.
Casting: Searing Ray (safe; 1% risk of failure)
Confirm with . or Enter, or press ? or * to list all spells.
You can't see any susceptible monsters within range! (Use Z to cast anyway.) Unknown command.
Casting: Searing Ray (safe; 1% risk of failure)
Confirm with . or Enter, or press ? or * to list all spells.
Aiming: Searing Ray (safe; 1% risk of failure)
Press: ? - help, Shift-Dir - straight line, f - troll
Aim: a troll (79% to hit)
The searing ray hits the troll!
The troll is lightly wounded. (Press . to maintain the ray.)
The searing ray misses the troll.
The searing ray hits the troll.
The troll is lightly wounded.
The searing ray hits the troll.
The troll is moderately wounded.
You finish channelling your searing ray.
The troll bites you. The troll claws you! The troll barely misses you.
Casting: Searing Ray (safe; 1% risk of failure)
Confirm with . or Enter, or press ? or * to list all spells.
Aiming: Searing Ray (safe; 1% risk of failure)
Press: ? - help, Shift-Dir - straight line, f/p - troll
Aim: a troll (moderately wounded, 79% to hit)
The searing ray hits the troll.
The troll is heavily wounded. (Press . to maintain the ray.)
The troll bites you! The troll claws you. The troll claws you!
* * * LOW HITPOINT WARNING * * *
The searing ray hits the troll.
The troll is heavily wounded.
The troll bites you!
* * * LOW HITPOINT WARNING * * *
The troll claws you!
You die...

........................
........................
........................
........................
#...............................
#...............................
#...............................
#..............T.....#####......
#..............@.....# #......
#.............!......# #......
#....................# #......
#.............#+###### #......
########.......# #...... .##
#.......# #...... .># #.......#
#...... ..# #.......# #......
..# #.......# #.. +......


You could see a troll.

Vanquished Creatures
  Grinder (D:5)
  Pargi (D:4)
  An ogre (D:5)
  A phantom (D:4)
  A scorpion (D:4)
  A water moccasin skeleton (D:5)
  A hound (D:4)
  2 centaur skeletons (D:5)
  Jessica (D:3)
  An iguana (D:5)
  Natasha (thrice) (D:2)
  Terence (D:2)
  An orc wizard (D:4)
  3 adders
  An ufetubus (D:4)
  2 adder skeletons
  An adder zombie (D:5)
  6 worms
  A dart slug (D:4)
  12 orcs
  8 bats
  6 endoplasms
  2 giant cockroaches (D:2)
  9 goblins
  8 hobgoblins
  2 jackals (D:3)
  3 quokkas
  5 ball pythons
  2 frilled lizards (D:1)
  5 kobolds
  A quokka skeleton (D:4)
  12 rats
105 creatures vanquished.

Vanquished Creatures (others)
  6 plants
6 creatures vanquished.

Grand Total: 111 creatures vanquished

Notes
Turn   | Place    | Note
-------+----------+-------------------------------------------
     0 | D:1      | nomicflux the Draconian Conjurer began the quest for the
                  | Orb.
     0 | D:1      | Reached XP level 1. HP: 14/14 MP: 3/3
   618 | D:1      | Reached XP level 2. HP: 22/22 MP: 3/5
   621 | D:1      | Learned a level 2 spell: Searing Ray
   680 | D:1      | Reached skill level 1 in Fighting
  1359 | D:2      | Reached XP level 3. HP: 28/28 MP: 4/6
  1426 | D:2      | Noticed Natasha
  1717 | D:2      | Killed Natasha
  1718 | D:2      | Reached XP level 4. HP: 28/36 MP: 0/8
  1778 | D:2      | Noticed Natasha
  1786 | D:2      | Killed Natasha
  1827 | D:2      | Noticed Terence
  1832 | D:2      | Killed Terence
  1922 | D:2      | Noticed Natasha
  1929 | D:2      | Killed Natasha
  1930 | D:2      | Reached XP level 5. HP: 44/44 MP: 0/9
  2373 | D:3      | Noticed mordus's ghost (amateur GnFi)
  2386 | D:3      | Found a runed translucent door.
  2395 | D:3      | Reached skill level 5 in Conjurations
  3078 | D:3      | Learned a level 3 spell: Call Canine Familiar
  3083 | D:3      | Learned a level 4 spell: Fulminant Prism
  3309 | D:3      | You fall into a shaft and drop 1 floor!
  3475 | D:3      | Noticed Jessica
  3479 | D:3      | Killed Jessica
  4114 | D:4      | Reached skill level 1 in Summonings
  4384 | D:4      | Reached XP level 6. HP: 29/51 MP: 6/11
  4955 | D:4      | Noticed Pargi
  5192 | D:5      | Entered Level 5 of the Dungeon
  5564 | D:5      | Your scales start taking on a glossy black colour.
  5564 | D:5      | Reached XP level 7. HP: 55/59 MP: 3/13
  5564 | D:5      | Gained mutation: You are resistant to electric shocks.
                  | (rElec) [Black Draconian growth]
  5876 | D:5      | Noticed Grinder
  5880 | D:5      | Paralysed by Grinder for 3 turns
  6084 | D:4      | Killed Pargi
  6085 | D:4      | Reached skill level 6 in Conjurations
  6199 | D:5      | Got the Handbook of Fire and Evil Arts
  6240 | D:5      | Found a stormy altar of Qazlal.
  6268 | D:5      | Paralysed by Grinder for 6 turns
  6281 | D:5      | Killed Grinder
  6282 | D:5      | Reached skill level 5 in Fighting
  6614 | D:5      | Noticed a troll
  6626 | D:5      | HP: 2/61 [troll (16)]
  6626 | D:5      | Mangled by a troll

Illustrated notes

Levels and vault maps discovered:
D:1:      psy_arrival_dodecagon, layout_basic
D:2:      layout_basic, feat_on_display, uniq_terence, uniq_natasha
D:3:      layout_loops_ring, hellmonk_ghost_happy_afterlife,
          serial_bayou_lake_a, uniq_jessica
D:4:      layout_gridville, serial_bayou_lagoon_b, uniq_pargi
D:5:      layout_gridville, nicolae_qazlal_general_emergency, uniq_grinder

Skill      XL: |  1  2  3  4  5  6  7 |
---------------+----------------------+-----
Fighting       | 1 2 3 4 5 |  5.0
Spellcasting   | 3 4 |  4.8
Conjurations   | 5 6 |  6.3
Summonings     | 1 2 3 |  3.4
Dodging        | |  1.7
Stealth        | |  1.7

Action                   |  1- 3 |  4- 6 |  7- 9 || total
-------------------------+-------+-------+-------++-------
Melee: Dagger            |    29 |       |       ||    29
       Unarmed           |    10 |       |       ||    10
       Tailslap          |     2 |     1 |       ||     3
       Short sword       |     2 |    13 |       ||    15
       Staff             |       |     1 |       ||     1
 Cast: Magic Dart        |    39 |    10 |     1 ||    50
       Searing Ray       |     9 |    50 |    15 ||    74
  Use: Scroll            |       |       |     7 ||     7
Armor: Skin              |    32 |    39 |     3 ||    74
Dodge: Dodged            |    44 |    45 |    10 ||    99

Table legend: (Time is in decaauts)
 A = Elapsed time spent in this place.
 B = Non-inter-level travel time spent in this place.
 C = Inter-level travel time spent in this place.
 D = Time resting spent in this place.
 E = Time spent auto-exploring this place.
 F = Levels seen in this place.
 G = Mean time per level.
                   A        B        C        D        E       F      G
               +--------+--------+--------+--------+--------+-----+--------+
         Total |   6690 |   6465 |    225 |   2071 |   3173 |   5 | 1338.0 |
       Dungeon |   6690 |   6465 |    225 |   2071 |   3173 |   5 | 1338.0 |
               +--------+--------+--------+--------+--------+-----+--------+

Top non-repeatable levels by time:
     D:3: 1721 daAuts
     D:4: 1577 daAuts
     D:2: 1245 daAuts
     D:1: 1205 daAuts
     D:5: 941 daAuts
